 Dungeon Crawl Stone Soup version 0.28.0-45-g0d030f2227 (webtiles) character file.

Game seed: 9710266345806053417

17 brightshaft the Chopper (level 2, -1/22 HPs)
             Began as a Demonspawn Gladiator on Apr 16, 2022.
             Slain by Sigmund
             ... wielding a +0 scythe
              (3 damage)
             ... on level 2 of the Dungeon.
             The game lasted 00:01:07 (1191 turns).

brightshaft the Chopper (Demonspawn Gladiator)      Turns: 1191, Time: 00:01:08

Health: -1/22      AC:  4    Str: 14    XL:     2   Next: 44%
Magic:  2/2        EV: 12    Int:  9    God:
Gold:   43         SH:  0    Dex: 14    Spells: 1/1 levels left

rFire   . . .      SeeInvis .   a - +0 war axe
rCold   . . .      Faith    .   (no shield)
rNeg    . . .      Spirit   .   b - +0 leather armour
rPois   .          Reflect  .   c - +0 helmet
rElec   .          Harm     .   (no cloak)
rCorr   .          Rampage  .   (no gloves)
Will    .....                   (no boots)
Stlth   +.........              (no amulet)
HPRegen 0.07/turn               (no ring)
MPRegen 0.08/turn               (no ring)

@: no status effects
A: powered by death 1
a: no special abilities


You were on level 2 of the Dungeon.
You visited 1 branch of the dungeon, and saw 2 of its levels.

You collected 43 gold pieces.

Inventory:

Hand Weapons
 a - a +0 war axe (weapon)
Missiles
 d - 2 throwing nets (quivered)
Armour
 b - a +0 leather armour (worn)
 c - a +0 helmet (worn)
Scrolls
 e - a scroll of fog {unknown}
 f - a scroll of teleportation {unknown}
 h - a scroll of identify {unknown}
Potions
 g - a potion of degeneration {unknown}


   Skills:
 - Level 2.0 Fighting
 * Level 3.4 Axes
 - Level 1.8 Throwing
 - Level 2.7 Dodging


You had one spell level left.
You didn't know any spells.
Your spell library was empty.

Dungeon Overview and Level Annotations

Branches:
Dungeon (2/15)

Altars:

Annotations:
D:2 Sigmund


Innate Abilities, Weirdness & Mutations

You regenerate a little health from kills.


Message History

Throw: 3 throwing nets
Press: ? - help, Q - select action Shift-Dir - straight line, f - Sigmund
Aim: Sigmund, wielding a +0 scythe and wearing a +0 robe (55% to hit)
You throw a throwing net. The throwing net hits Sigmund.
Sigmund is caught in the net!
An adder comes into view.
The adder hisses angrily.
Sigmund struggles against the net.
Sigmund struggles against the net.
Sigmund gestures wildly while chanting.
Sigmund flickers and vanishes!
Deactivating autopickup; reactivate with Ctrl-A.
Something wriggles in the net.
An adder comes into view.
The adder hisses angrily.
You hit something. You barely miss the adder.
The adder bites you but does no damage.
You hear some strange, mumbled words.
A puff of flame appears from out of thin air!
The puff of flame misses you.
Something wriggles in the net.
You barely miss something. You barely miss the adder. The adder bites you.
The adder bites you but does no damage.
You hit something. You closely miss the adder.
The adder bites you but does no damage.
Something wriggles in the net.
All of a sudden the net rips apart!
The adder barely misses you.
You closely miss something.
You hit the adder. x2; Something hits you.
The adder bites you but does no damage. The adder misses you.
The adder closely misses you.
You closely miss something. You closely miss the adder.
You completely miss the adder. The adder bites you but does no damage.
Something hits you. The adder bites you but does no damage.
The adder misses you.
You closely miss something. You punch something. You hit the adder.
You miss the adder. The adder bites you. The adder barely misses you.
Something hits you!
* * * LOW HITPOINT WARNING * * *
The adder misses you. The adder bites you.
* * * LOW HITPOINT WARNING * * *
Something hits you.
You die...

... ... .. #..
.#.##.##
......######
#.........# .
#........###.
#.##............
#...<..........
##....@S.......
##...S.{......
##...$.......
##..........
##.........
#.........
..#.......
.##....... .#
...###.


You could see 2 adders.

Vanquished Creatures
  2 dart slugs (D:1)
  2 endoplasms (D:1)
  A giant cockroach (D:1)
  A hobgoblin (D:1)
  3 ball pythons (D:1)
  A frilled lizard (D:1)
  A goblin (D:1)
  3 rats (D:1)
14 creatures vanquished.

Notes
Turn   | Place    | Note
-------+----------+-------------------------------------------
     0 | D:1      | brightshaft the Demonspawn Gladiator began the quest for
                  | the Orb.
     0 | D:1      | Reached XP level 1. HP: 16/16 MP: 1/1
   293 | D:1      | Reached skill level 3 in Axes
   322 | D:1      | Gained mutation: You regenerate a little health from kills.
                  | [demonic ancestry]
   322 | D:1      | Reached XP level 2. HP: 21/22 MP: 2/2
   334 | D:1      | Found a faded altar of an unknown god.
  1180 | D:2      | Noticed Sigmund
  1191 | D:2      | Slain by Sigmund

Illustrated notes

Levels and vault maps discovered:
D:1:      dpeg_arrival_renting, layout_basic, ebering_ecumenical_altar_rust,
          hangedman_decor_diamond_cutter
D:2:      minmay_alternating_diamond, layout_rooms,
          nicolae_concentric_dashed_squares_mild, uniq_sigmund

Skill      XL: |  1 |
---------------+----+-----
Axes           | 3 |  3.4
Fighting       | |  2.0
Throwing       | |  1.8
Dodging        | |  2.7

Action                   || total
-------------------------++-------
Melee: War axe           ||    42
       Punch             ||     1
Throw: Throwing net      ||     1
Armor: Leather armour    ||    13
Dodge: Dodged            ||    33
